 Dungeon Crawl Stone Soup version 0.29-a0-286-g41199d4a87 (webtiles) character file.

Game seed: 9565147414142610410

82 jmlagarto the Poker (level 4, -12/37 HPs)
             Began as a Merfolk Chaos Knight on Mar 16, 2022.
             Was a Plaything of Xom.
             Mangled by a soul eater (16 damage)
             ... summoned by Xom
             ... on level 2 of the Dungeon.
             The game lasted 00:03:01 (1970 turns).

jmlagarto the Poker (Merfolk Chaos Knight)          Turns: 1970, Time: 00:03:02

Health: -12/37     AC:  5    Str: 14      XL:     4   Next: 43%
Magic:  4/4        EV: 12    Int: 11      God:    Xom [*.....]
Gold:   145        SH:  0    Dex: 12 (13) Spells: 3/3 levels left

rFire   . . .      SeeInvis .   a - +0 spear (chaos)
rCold   . . .      Faith    .   (no shield)
rNeg    . . .      Spirit   .   b - +2 leather armour
rPois   .          Reflect  .   (no helmet)
rElec   .          Harm     .   (no cloak)
rCorr   .          Rampage  .   (no gloves)
Will    .....                   (no boots)
Stlth   +.........              (no amulet)
HPRegen 0.12/turn               (no ring)
MPRegen 0.09/turn               (no ring)

@: no status effects
A: (nimble swimmer 2), mertail
a: Renounce Religion


You were on level 2 of the Dungeon.
You worshipped Xom.
You were a special plaything of Xom.
You visited 1 branch of the dungeon, and saw 2 of its levels.

You collected 145 gold pieces.

Inventory:

Hand Weapons
 a - a +0 spear of chaos (weapon)
Armour
 b - a +2 leather armour (worn)
Scrolls
 g - a scroll of teleportation {unknown}
Potions
 d - a potion of invisibility {unknown}
 e - a potion of ambrosia {unknown}
 f - a potion of haste {unknown}
 h - a potion of brilliance {unknown}
 i - a potion of mutation {unknown}
Miscellaneous
 c - a piece from Xom's chessboard (13/15) (quivered)


   Skills:
 + Level 4.2 Fighting
 + Level 4.7 Polearms
 + Level 1.7 Armour
 + Level 3.1 Dodging
 + Level 0.3 Stealth


You had 3 spell levels left.
You didn't know any spells.
Your spell library contained the following spells:

 Spells                   Type           Power      Damage    Failure   Level
 Chain Lightning          Conj/Air       0%         N/A       100%        9
 Fire Storm               Conj/Fire      0%         5d1       100%        9
 Shatter                  Erth           0%         3d5*      100%        9


Dungeon Overview and Level Annotations

Branches:
Dungeon (2/15)

Altars:


Innate Abilities, Weirdness & Mutations

((You are very nimble when in or above water. (Stealth+, EV+, Speed+++)))
Your lower body shifts to a powerful aquatic tail in water.


Message History

You see here a +0 spear.
You are now a special plaything of Xom.
You open the door.
There is an open door here.
There is a stone staircase leading down here. "Time to have some fun!"
There are monsters nearby!
Reach: a) +0 spear (chaos)
Press: ? - help, Dir - move target, f - soul eater
Aim: a soul eater (summoned, about 36% to evade your +0 spear of chaos)
You reach to attack!
You hit the soul eater but do no damage.
Unknown command.
Non-targeted evoke: piece from Xom's chessboard (15/15)
Press: ? - help, Q - select action Dir - look around, f - activate Look: a soul eater (summoned)
You make a move on Xom's chessboard...
The iron imp twists and deforms.
The iron imp closely misses you.
Non-targeted evoke: piece from Xom's chessboard (14/15)
Press: ? - help, Q - select action Dir - look around, f - activate Look: a soul eater (summoned)
You make a move on Xom's chessboard...
The quasit resists with significant effort.
The soul eater hits you!
You hit the quasit.
The quasit is lightly wounded.
The soul eater hits you!!
Ouch! That really hurt!
* * * LOW HITPOINT WARNING * * *
Xom thinks this is hilarious!
You barely miss the quasit.
The quasit is lightly wounded.
The quasit bites you but does no damage.
The quasit claws you.
* * * LOW HITPOINT WARNING * * *
You feel clumsy.
The quasit claws you but does no damage.
The soul eater hits you!
You die...
Xom cackles wildly!

.....# #.# #......<.####
.....#####.# #...........#
.....#.....# ###.........#
...........# #)........#
..........<# #.........#
...........# #.........#
##.........# #.........#
#.......#.######.........#
#.......#....55@3........#
##########################


You could see a soul eater (summoned), an iron imp (summoned, misshapen) and a
quasit (summoned).

Vanquished Creatures
  A gnoll (D:1)
  3 adders (D:2)
  A worm (D:2)
  A dart slug (D:1)
  3 endoplasms
  A giant cockroach (D:2)
  4 goblins
  3 hobgoblins (D:1)
  3 jackals (D:1)
  4 kobolds
  3 quokkas (D:1)
  4 ball pythons
  6 bats
  A frilled lizard (D:2)
  A rat (D:1)
39 creatures vanquished.

Notes
Turn   | Place    | Note
-------+----------+-------------------------------------------
     0 | D:1      | jmlagarto the Merfolk Chaos Knight began the quest for the
                  | Orb.
     0 | D:1      | Reached XP level 1. HP: 18/18 MP: 1/1
   117 | D:1      | XOM: silly message
   234 | D:1      | XOM: silly message
   272 | D:1      | Reached XP level 2. HP: 23/25 MP: 2/2
   385 | D:1      | Found a faded altar of an unknown god.
   385 | D:1      | XOM: 8-stop teleportation journey
   562 | D:1      | XOM: confuse monster(s)
   568 | D:1      | Reached XP level 3. HP: 17/30 MP: 3/3
   655 | D:1      | XOM: noise
  1121 | D:2      | Reached skill level 1 in Armour
  1367 | D:2      | Reached XP level 4. HP: 37/37 MP: 4/4
  1965 | D:2      | XOM: summons 3 hostile demons
  1966 | D:2      | Noticed a soul eater
  1970 | D:2      | Mangled by a soul eater

Illustrated notes

Levels and vault maps discovered:
D:1:      minmay_arrival_shattered_statue, layout_basic,
          hellmonk_ecumenical_altar_run_dry
D:2:      layout_basic

Skill      XL: |  1  2  3 |
---------------+----------+-----
Fighting       | 4 |  4.2
Dodging        | 3 |  3.1
Armour         | 1 |  1.7
Polearms       | |  4.7
Stealth        | |  0.3

Action                   |  1- 3 |  4- 6 || total
-------------------------+-------+-------++-------
Melee: Spear             |   102 |    34 ||   136
Evoke: Piece from Xom's  |     1 |     2 ||     3
  Use: Scroll            |       |     1 ||     1
 Stab: Confused          |     1 |       ||     1
Armor: Leather armour    |    22 |    12 ||    34
Dodge: Dodged            |    45 |    24 ||    69

Table legend: (Time is in decaauts)
 A = Elapsed time spent in this place.
 B = Non-inter-level travel time spent in this place.
 C = Inter-level travel time spent in this place.
 D = Time resting spent in this place.
 E = Time spent auto-exploring this place.
 F = Levels seen in this place.
 G = Mean time per level.
                   A        B        C        D        E       F      G
               +--------+--------+--------+--------+--------+-----+--------+
         Total |   1954 |   1932 |     22 |      0 |   1623 |   2 |  977.0 |
       Dungeon |   1954 |   1932 |     22 |      0 |   1623 |   2 |  977.0 |
               +--------+--------+--------+--------+--------+-----+--------+

Top non-repeatable levels by time:
     D:1: 993 daAuts
     D:2: 961 daAuts
